 Dungeon Crawl Stone Soup version 0.13-a0-3016-gcb2faac (webtiles) character file.

463 Misa the Covered (level 6, 0/49 HPs)
             Began as a Djinni Fighter on Sept 11, 2013.
             Succumbed to a scorpion's poison
             ... on Level 4 of the Dungeon.
             The game lasted 00:11:09 (3344 turns).

Misa the Covered (Djinni Fighter)                   Turns: 3344, Time: 00:11:09

HP   0/49        AC  7     Str 16      XL: 6   Next: 31%
MP   0/0         EV  6     Int  8      God:
Gold 119         SH 19     Dex 15      Spells:  0 memorised,  5 levels left

Res.Fire  : + + +   See Invis. : .   a - +0 mace
Res.Cold  : x . .   Warding    : .   b - +0 scale mail
Life Prot.: + + +   Conserve   : .   c - +0 shield
Res.Poison: .       Res.Corr.  : .   (no helmet)
Res.Elec. : .       Clarity    : .   (no cloak)
Sust.Abil.: + .     Spirit.Shd : .   (no gloves)
Res.Mut.  : .       Stasis     : .   (boots unavailable)
Res.Rott. : .       Flight     : .   (no amulet)
Saprovore : . . .                    (no ring)
                                     f - ring of sustain abilities {unknown}

@: extremely poisoned, slightly resistant to hostile enchantments, extremely
unstealthy
A: fire immunity, cold vulnerability, life protection 3
a: no special abilities


You were on level 4 of the Dungeon.
You were not hungry.

You visited 1 branch of the dungeon, and saw 4 of its levels.

You collected 99 gold pieces.

Inventory:

Hand weapons
 a - a +0,+0 mace (weapon)
Missiles
 g - 7 darts (quivered)
Armour
 b - a +0 scale mail (worn)
 c - a +0 shield (worn)
Magical devices
 l - a wand of fireball (3) {unknown}
Scrolls
 d - 2 scrolls of remove curse {unknown}
 e - 2 scrolls of random uselessness {unknown}
 p - a scroll of enchant armour {unknown}
 q - a scroll of curse jewellery {unknown}
 r - a scroll of fog {unknown}
 t - a scroll of teleportation {unknown}
Jewellery
 f - a ring of sustain abilities (left hand) {unknown}
 j - an uncursed ring of positive energy {unknown}
Potions
 h - 2 potions of confusion {unknown}
 i - a potion of agility {unknown}
 k - 2 potions of heal wounds
 n - 3 potions of speed
 o - a potion of curing {unknown}
 s - a potion of berserk rage {unknown}
Books
 m - a book of Minor Magic

   Spells                             Type                      Level
   Magic Dart                         Conjuration                  1
   Blink                              Translocation                2
   Call Imp                           Summoning                    2
   Repel Missiles                     Charms/Air                   2
   Slow                               Hexes                        2
   Conjure Flame                      Conjuration/Fire             3
   Mephitic Cloud                     Conjuration/Poison/Air       3


   Skills:
 + Level 4.0 Fighting
 + Level 3.6 Maces & Flails
 + Level 4.9 Armour
 + Level 4.2 Shields


You had 5 spell levels left.
You didn't know any spells.

Dungeon Overview and Level Annotations

Branches:
Dungeon (4/27)
 Temple: D:4-7

Altars:


Innate Abilities, Weirdness & Mutations

You are immune to all types of fire, even holy and hellish.
You are vulnerable to cold.
You need no food.
You have no legs.
You are immune to negative energy.


Message History

A hobgoblin comes into view. It is wielding an orcish club.
You hit the scorpion but do no damage.
The scorpion is severely wounded.
You feel extremely sick. The scorpion stings you.
The scorpion stings you but does no damage.
Your shield and scale mail prevent you from hitting the scorpion.
The scorpion is severely wounded.
* * * LOW HITPOINT WARNING * * *
You feel extremely sick. You block the scorpion's attack.
You barely miss the scorpion.
The scorpion is severely wounded.
* * * LOW HITPOINT WARNING * * *
You feel very sick.
You feel a little better. You block the scorpion's attack.
You hit the scorpion.
You kill the scorpion!
You die...

.# ######## .#
#......###### )#
#...........# .#
#...........# .#
######..)...# #####
.# #......##....
.########......#..#
.................#
#########......#@#
#......#%#
#......#co
########.#s #.#g.
#.# .. #.. #'# ##.
. #


You could see a centaur, an orc, a giant cockroach and a hobgoblin.

Vanquished Creatures
  A hound (D:3)
  An orc wizard (D:3)
  2 scorpions (D:4)
  Terence (D:2)
  7 gnolls
  4 adders
  2 worms
  5 giant geckos
  4 orcs
  3 giant cockroaches
  4 goblins
  10 hobgoblins
  9 jackals
  5 kobolds
  3 quokkas (D:2)
  10 bats
  2 giant newts
  11 rats
  5 toadstools (D:1)
89 creatures vanquished.

Vanquished Creatures (others)
  An orc priest (D:3)
  9 toadstools (D:1)
10 creatures vanquished.

Grand Total: 99 creatures vanquished

Notes
Turn   | Place    | Note
--------------------------------------------------------------
     0 | D:1      | Misa, the Djinni Fighter, began the quest for the Orb.
     0 | D:1      | Reached XP level 1. HP: 16/16 MP: 0/0
   187 | D:1      | Reached XP level 2. EP: 9/22
   408 | D:1      | Reached XP level 3. EP: 22/29
  1118 | D:2      | Noticed Terence
  1154 | D:2      | Killed Terence
  1154 | D:2      | Reached skill level 4 in Armour
  1154 | D:2      | Reached XP level 4. EP: 27/35
  1870 | D:3      | Reached XP level 5. EP: 26/41
  2773 | D:4      | HP: 2/41 [orc priest (2)]
  2978 | D:3      | Reached XP level 6. EP: 17/49
  3343 | D:4      | HP: 1/49 [poisoned by a scorpion]
  3344 | D:4      | Succumbed to a scorpion's poison

Action                   |  1- 3 |  4- 6 || total
-------------------------+-------+-------++-------
Melee: Mace              |   171 |   207 ||   378
  Use: Potion            |       |     1 ||     1
